 Dungeon Crawl Stone Soup version 0.31-a0-472-g43a2ca8e1b (webtiles) character file.

Game seed: 1464574397424670757

597 Ethylacetat the Changeling (level 7, 0/4 HPs)
             Began as an Octopode Shapeshifter on Aug 6, 2023.
             Killed from afar by an orc wizard (4 damage)
             ... with a magic dart
             ... on level 4 of the Dungeon.
             The game lasted 00:08:55 (3080 turns).

Ethylacetat the Changeling (Octopode Shapeshifter)  Turns: 3080, Time: 00:08:56

Health: 0/4        AC: 15    Str: 15    XL:     7   Next: 40%
Magic:  7/7        EV: 32    Int: 10    God:
Gold:   268        SH:  0    Dex: 14    Spells: 6/6 levels left

rFire   . .          .
                       - Unarmed
rCold   . . .        (shield currently unavailable)
rNeg    . . .        (helmet currently unavailable)
rPois   ∞            (no amulet)
rElec   +            (no ring)
rCorr   .            (no ring)
SInv    .            (no ring)
Will    .....        (no ring)
Stlth   +            (no ring)
HPRegen 0.20/turn    (no ring)
MPRegen 0.10/turn    (no ring)
                     (no ring)

%: no passive effects
@: storm-form, blinkbolt cooldown, flying
A: cleaving, insubstantial, flying, reduced hp, almost no armour, amphibious, 8
rings, (camouflage 1), (gelatinous body 1), (nimble swimmer 1), (tentacles)
a: Blinkbolt, Begin Untransformation


You were on level 4 of the Dungeon.
You were a lightning-filled tempest!
You visited 1 branch of the dungeon, and saw 4 of its levels.
You also visited: Sewer.

You collected 268 gold pieces.

Inventory:

Jewellery
 h - an amulet of reflection
Talismans
 a - a storm talisman (active)
 b - a beast talisman
Scrolls
 c - 7 scrolls of identify {unknown}
 d - a scroll of fog {unknown}
 e - 2 scrolls of vulnerability {unknown}
 i - a scroll of poison {unknown}
 j - a scroll of torment {unknown}
 k - 2 scrolls of teleportation {unknown}
 l - 3 scrolls of brand weapon {unknown}
 m - a scroll of enchant armour {unknown}
 n - 2 scrolls of enchant weapon {unknown}
 p - a scroll of immolation {unknown}
 q - 3 scrolls of silence {unknown}
Potions
 f - 3 potions of heal wounds {unknown}
 g - a potion of resistance {unknown}
 o - 2 potions of haste {unknown}
 r - a potion of magic {unknown}
 s - a potion of enlightenment {unknown}
 t - a potion of brilliance {unknown}


   Skills:
 + Level 3.8 Fighting
 - Level 2.0 Dodging
 + Level 4.8 Unarmed Combat
 * Level 5.4 Shapeshifting


You had 6 spell levels left.
You didn't know any spells.
Your spell library contained the following spells:

 Spells                   Type           Power      Damage    Failure   Level
 Kiss of Death            Conj/Necr      0%         2d5       36%         1
 Poisonous Vapours        Pois/Air       0%         N/A       50%         2
 Confusing Touch          Hex            0%         N/A       75%         3
 Gell's Gravitas          Tloc           0%         N/A       75%         3
 Mephitic Cloud           Conj/Pois/Air  0%         N/A       75%         3
 Teleport Other           Tloc           0%         N/A       75%         3
 Dispel Undead            Necr           0%         3d6       98%         4
 Freezing Cloud           Conj/Ice/Air   0%         6-21      100%        5
 Dispersal                Tloc           0%         N/A       100%        6


Dungeon Overview and Level Annotations

Branches:
Dungeon (4/15)              Sewer (visited)
 Temple: D:4-7

Altars:
Uskayaw


Innate Abilities, Weirdness & Mutations

You are a lightning-filled tempest!
Your electrical attacks strike out in all directions at once.
You are incredibly evasive.
Your insubstantial body is immune to petrification, constriction, and being set on fire You are flying.
Your maximum health is decreased, since you lack skill for your form.
Your armour is entirely melded.
You are incapable of wielding weapons or throwing items.
You cannot wear most types of armour.
You are amphibious.
You can wear up to eight rings at the same time.
You are immune to poison.
((Your skin changes colour to match your surroundings (Stealth+).))
((Your rubbery body absorbs attacks. (AC +1, EV +1)))
((You are camouflaged when in or above water. (Stealth+)))
((You have tentacles for arms and can constrict up to eight enemies at once.))


Message History

An orc and an orc wizard come into view.
The orc wizard shouts!
You hear a shout!
The orc wizard moves out of view.
An orc wizard comes into view. It is wielding a +0 dagger.
The orc wizard shouts!
An orc comes into view. It is wielding a +0 whip.
The orc shouts!
You buffet the orc wizard!
The orc wizard is severely wounded.
The orc wizard casts a spell.
The orc wizard flickers and vanishes!
Deactivating autopickup; reactivate with Ctrl-A.
The orc wizard misses you.
Okay, then.
You barely miss the orc wizard.
The orc wizard is severely wounded.
The orc wizard completely misses you.
Aiming: Blinkbolt
Press: ? - help, Dir - move target, f - orc
Aim: an orc, wielding a +0 hand axe (88% to hit)
The shock of your passage hits the orc wizard!!
You kill the orc wizard!
The shock of your passage hits the orc wizard.
The orc wizard is moderately wounded.
The shock of your passage hits the orc!
You kill the orc!
You blink.
The orc completely misses you. The orc wizard misses you.
You buffet the orc wizard!
You kill the orc wizard!
You buffet something!
You batter the orc!! Lightning courses through the orc!
You kill the orc!
You hear some strange, mumbled words.
A magic dart appears from out of thin air!
The magic dart hits you but does no damage.
You barely miss something.
You hear some strange, mumbled words.
A magic dart appears from out of thin air!
The magic dart hits you.
Ouch! That really hurt!
You die...

############ #.....#
.....).....##############.....###
......†...†...)......)...........
...........##############....)###
(..........###### #.....#
........>.......## #.....#
#####.........#..###### #.....#
#.##########).....# #....(#
#....#..§).)v.....# #######
########.#.####{......#
.....###†#.# #.#.....#
####.....#.# #. #.#### #
#.###.#.# #. .. # #.......# #.
### ########.### #. .........#.#
#. #######....#


There were no monsters in sight!

Vanquished Creatures
  Edmund (D:4)
  Menkaure (D:4)
  Pargi (Sewer)
  An orc priest (D:4)
  3 orc wizards (D:4)
  4 gnolls
  3 adders
  3 worms
  2 dart slugs (D:2)
  5 orcs (D:4)
  4 endoplasms
  6 giant cockroaches
  5 goblins
  5 hobgoblins
  9 jackals
  6 kobolds
  3 quokkas
  5 ball pythons
  7 bats
  4 frilled lizards
  5 rats
83 creatures vanquished.

Notes
Turn   | Place    | Note
-------+----------+-------------------------------------------
     0 | D:1      | Ethylacetat the Octopode Shapeshifter began the quest for
                  | the Orb.
     0 | D:1      | Reached XP level 1. HP: 13/13 MP: 1/1
    58 | D:1      | Reached XP level 2. HP: 18/18 MP: 2/2
   200 | D:1      | Found a faded altar of an unknown god.
   319 | D:1      | Reached XP level 3. HP: 23/23 MP: 3/3
  1166 | D:2      | Reached XP level 4. HP: 26/29 MP: 4/4
  1970 | D:3      | Reached skill level 4 in Shapeshifting
  2120 | D:3      | Reached XP level 5. HP: 26/35 MP: 5/5
  2265 | D:3      | Found a glowing drain.
  2269 | Sewer    | Entered a sewer
  2329 | Sewer    | Noticed Pargi
  2332 | Sewer    | Killed Pargi
  2336 | Sewer    | Identified the +0 scale mail "Muthem" {Int+4}
  2499 | D:3      | Reached XP level 6. HP: 4/41 MP: 6/6
  2708 | D:3      | Found a hide-covered altar of Uskayaw.
  2952 | D:4      | Noticed Edmund
  2955 | D:4      | Killed Edmund
  2956 | D:4      | Reached skill level 5 in Shapeshifting
  2982 | D:4      | Noticed Menkaure
  2989 | D:4      | Killed Menkaure
  2990 | D:4      | Reached XP level 7. HP: 4/47 MP: 7/7
  3080 | D:4      | Killed from afar by an orc wizard

Illustrated notes

Levels and vault maps discovered:
D:1:      dpeg_arrival_rooms_b, layout_basic,
          shapermc_ecumenical_altar_mp_ritualfount, hangedman_decor_points
D:2:      layout_basic
D:3:      layout_basic, lemuel_coloured_pillars_altar, gup_sewer_entry_bowl,
          kennysheep_path_1, minivault_11
D:4:      layout_basic, riverfiend_overflow_shadow_ancestor,
          minmay_temple_entry_antechambers, uniq_edmund, uniq_menkaure

Skill      XL: |  1  2  3  4  5  6 |
---------------+-------------------+-----
Fighting       | 2 3 |  3.8
Shapeshifting  | 4 5 |  5.4
Unarmed Combat | 4 |  4.8
Dodging        | |  2.0

Action                     |  1- 3 |  4- 6 |  7- 9 || total
---------------------------+-------+-------+-------++-------
  Melee: Unarmed           |    58 |    72 |     7 ||   137
         Constrict         |    19 |     8 |       ||    27
         Tentacles         |     9 |     6 |       ||    15
         Punch             |     1 |     4 |       ||     5
Ability: Blinkbolt         |       |     4 |     1 ||     5
    Use: Potion            |       |     1 |       ||     1
   Stab: Sleeping          |     7 |     6 |       ||    13
 Armour: Skin              |     4 |    28 |     1 ||    33
  Dodge: Dodged            |    25 |    40 |     6 ||    71
   Form: Storm             |       |     1 |       ||     1

Table legend: (Time is in decaauts)
 A = Elapsed time spent in this place.
 B = Non-inter-level travel time spent in this place.
 C = Inter-level travel time spent in this place.
 D = Time resting spent in this place.
 E = Time spent auto-exploring this place.
 F = Levels seen in this place.
 G = Mean time per level.
                   A        B        C        D        E       F      G
               +--------+--------+--------+--------+--------+-----+--------+
         Total |   3069 |   3018 |     51 |     40 |   2337 |   5 |  613.8 |
       Dungeon |   2964 |   2913 |     51 |     33 |   2310 |   4 |  741.0 |
         Sewer |    105 |    105 |      0 |      7 |     27 |   1 |  105.0 |
               +--------+--------+--------+--------+--------+-----+--------+

Top non-repeatable levels by time:
     D:2: 1005 daAuts
     D:1: 895 daAuts
     D:3: 778 daAuts
     D:4: 285 daAuts
   Sewer: 105 daAuts
